 Dungeon Crawl Stone Soup version 0.16-a0-1029-gdfc7942 (webtiles) character file.

943 Kold the Cleaver (level 7, -9/85 HPs)
             Began as a Minotaur Fighter on Oct 4, 2014.
             Mangled by an ogre
             ... wielding a +0 giant club
              (14 damage)
             ... on level 7 of the Dungeon.
             The game lasted 00:11:51 (4553 turns).

Kold the Cleaver (Minotaur Fighter)                 Turns: 4553, Time: 00:11:51

HP  -9/85        AC  9     Str 26      XL: 7   Next: 88%
MP   3/3         EV  7     Int  5      God:
Gold 359         SH 10     Dex 11      Spells:  0 memorised,  6 levels left

rFire  . . .     SeeInvis +     a - +0 war axe
rCold  . . .     Clarity  .     b - +0 scale mail
rNeg   . . .     rCorr    .     c - +0 shield
rPois  .         rRot     .     (helmet restricted)
rElec  .         Spirit   .     (no cloak)
SustAb .         Warding  .     (no gloves)
rMut   .         Stasis   .     p - +0 pair of boots
Gourm  .                        y - amulet of regeneration
MR     .....                    j - +1 ring of protection
                                f - ring of see invisible

@: berserking, very quick, not resistant to hostile enchantments, extremely
unstealthy
A: retaliatory headbutt, horns 2
a: no special abilities


You were on level 7 of the Dungeon.
You were not hungry.

You visited 1 branch of the dungeon, and saw 7 of its levels.

You collected 359 gold pieces.

Inventory:

Hand weapons
 a - a +0 war axe (weapon)
 k - a +0 falchion of flaming
 l - a cursed +0 battleaxe
Armour
 b - a +0 scale mail (worn)
 c - a +0 shield (worn)
 m - a +0 cloak
 p - a +0 pair of boots (worn)
Magical devices
 v - a wand of invisibility (3)
 z - a wand of magic darts (18)
Comestibles
 d - 6 bread rations
 q - 3 meat rations
 t - 3 fruits
 D - a chunk of adder flesh
Scrolls
 i - 6 scrolls of identify
 n - 3 scrolls of blinking
 r - 2 scrolls of teleportation
 s - 2 scrolls of remove curse
 x - 2 scrolls of fear
 B - a scroll of summoning {unknown}
 F - 2 scrolls of fog {unknown}
Jewellery
 f - a ring of see invisible (left hand)
 j - a +1 ring of protection (right hand)
 o - an uncursed ring of protection from fire
 u - an uncursed ring of flight
 y - an amulet of regeneration (around neck)
Potions
 e - 2 potions of might
 w - a potion of brilliance
 A - a potion of agility
Books
 C - Lyakimn's Reference Book on Conjuration and the Arsonist
   (You found it on level 6 of the Dungeon)

   Spells                             Type                      Level
   Shock                              Conjuration/Air              1
   Flame Tongue                       Conjuration/Fire             1
   Magic Dart                         Conjuration                  1
   Static Discharge                   Conjuration/Air              3
   Ring of Flames                     Charms/Fire                  7
   Delayed Fireball                   Conjuration/Fire             7


   Skills:
 - Level 3.6 Fighting
 + Level 10.9 Axes
 - Level 3.6 Armour
 - Level 3.6 Shields


You had 6 spell levels left.
You didn't know any spells.

Dungeon Overview and Level Annotations

Branches:
Dungeon (7/15)
 Temple: D:4-7

Altars:
Dithmenos
Kikubaaqudgha
Okawaru
Sif Muna
Trog
Yredelemnul

Shops:
D:4 %=

Annotations:
D:2 glass wall


Innate Abilities, Weirdness & Mutations

You reflexively headbutt those who attack you in melee.
You have a pair of horns on your head.


Message History

You see here a poisoned arrow.
The centaur shoots a poisoned arrow.
The poisoned arrow hits you but does no damage.
The centaur shoots a poisoned arrow.
The poisoned arrow hits you!
* * * LOW HITPOINT WARNING * * *
You are lethally poisoned!
You see here 2 poisoned arrows.
* * * LOW HITPOINT WARNING * * *
You feel sick.
The centaur unwields an uncursed shortbow.
You block the centaur's attack.
Drink which item? (? for menu, Esc to quit)
You feel better. The centaur hits you.
* * * LOW HITPOINT WARNING * * *
Drink which item? (? for menu, Esc to quit)
A red film seems to cover your vision as you go berserk!
You feel yourself moving faster!
You feel mighty!
The centaur hits you but does no damage.
The ogre hits you with a giant club!
You die...

#...# ####... #...#
#.....#
####...#####.##..#
..............#..####
.....................
..................#
####...#####......#
#..%...####...c#
#.#.##.# ##.@##
#...##.# ##O# #....#.#
#g# ### ####....#.##
###(###......
...........###.....g.#
###(...........#.##..#
...............#..
....
.##...#(##.....###
#### ....(#<.##.#>8


You could see an ogre, a centaur and a goblin.

Vanquished Creatures
  2 ogres
  An orc warrior (D:6)
  A scorpion (D:4)
  A goliath beetle (D:7)
  4 crimson imps
  2 orc priests
  A hound (D:4)
  3 orc wizards (D:3)
  2 worker ants (D:5)
  A mummy (D:6)
  A worker ant zombie (D:6)
  12 adders
  A giant mite (D:3)
  2 worms
  2 giant geckos
  4 oozes
  9 orcs
  A bat zombie (D:5)
  5 giant cockroaches
  12 hobgoblins
  3 ball pythons
  12 bats
  7 giant newts
  19 goblins
  2 hobgoblin skeletons
  15 kobolds
  2 quokkas
  A quokka skeleton (D:5)
  8 rats
136 creatures vanquished.

Notes
Turn   | Place    | Note
--------------------------------------------------------------
     0 | D:1      | Kold, the Minotaur Fighter, began the quest for the Orb.
     0 | D:1      | Reached XP level 1. HP: 19/19 MP: 1/1
   127 | D:1      | Reached XP level 2. HP: 26/26 MP: 1/1
   461 | D:1      | Reached skill level 4 in Axes
   578 | D:1      | Reached XP level 3. HP: 31/31 MP: 2/2
   856 | D:2      | Reached skill level 5 in Axes
   995 | D:2      | Reached XP level 4. HP: 30/39 MP: 2/2
  1407 | D:3      | Reached skill level 6 in Axes
  1729 | D:3      | Found an iron altar of Okawaru.
  1803 | D:3      | Reached XP level 5. HP: 35/45 MP: 2/2
  1869 | D:3      | Reached skill level 7 in Axes
  2476 | D:4      | Found Tryxam's Antique Weapon Emporium.
  2494 | D:4      | Found an ancient bone altar of Kikubaaqudgha.
  2495 | D:4      | Reached XP level 6. HP: 51/51 MP: 3/3
  2505 | D:4      | Found Ikhluzaqa's Food Shoppe.
  2522 | D:4      | Noticed an ogre
  2533 | D:4      | Killed an ogre
  2533 | D:4      | Reached skill level 8 in Axes
  2647 | D:4      | Found Laimiv's Jewellery Shop.
  3048 | D:5      | Entered Level 5 of the Dungeon
  3073 | D:5      | Reached skill level 9 in Axes
  3182 | D:5      | Found a shadowy altar of Dithmenos.
  3199 | D:5      | Reached XP level 7. HP: 52/57 MP: 3/3
  3299 | D:5      | Found a bloodstained altar of Trog.
  3305 | D:5      | Got an ancient dagger
  3306 | D:5      | Identified the +0 dagger of Impatience {pain, Stlth+} (You found it on level 5 of the Dungeon)
  3668 | D:6      | Found a deep blue altar of Sif Muna.
  3720 | D:6      | Reached skill level 10 in Axes
  3917 | D:6      | Identified Lyakimn's Reference Book on Conjuration and the Arsonist
  4187 | D:7      | Found a basalt altar of Yredelemnul.
  4220 | D:6      | HP: 2/57 [poisoned by a centaur]
  4550 | D:7      | HP: 1/57 [centaur/ poisoned arrow (15)]
  4553 | D:7      | Mangled by an ogre

Action                   |  1- 3 |  4- 6 |  7- 9 || total
-------------------------+-------+-------+-------++-------
Melee: War axe           |    77 |   185 |   122 ||   384
Evoke: Wand              |       |       |     2 ||     2
  Use: Scroll            |       |     7 |       ||     7
       Potion            |       |     8 |     5 ||    13
  Eat: Chunk             |       |     8 |     5 ||    13
